Map: Catalyst LE

Players

xkt

  • Race: Protoss Protoss
  • Spawn Location: 5:00

A.I. 1 (Very Easy) - Winner!

  • Race: Terran Terran
  • Spawn Location: 11:00

VOD

Have the link to the VOD?

Description

Time

  • Played on: Aug. 13, 2018, 10:39 a.m.
  • Length: 5:49
Show
View Real Time Build Order
Export as new Build Order

xkt Protoss 

Build Orders: 1 Gate Expand 

Get SALT Encoding   

  12  0:02  Probe  
  13  0:14  Probe  
  13  0:19  Pylon  
  14  0:26  Probe  
  15  0:38  Probe  
  15  0:41  Gateway  
  16  0:50  Probe  
  16  0:54  Assimilator  
  17  1:02  Probe  
  18  1:15  Probe  
  19  1:34  Nexus  
  19  1:38  Cybernetics Core  
  19  1:41  Probe  
  20  1:52  Warp Gate  
  20  1:53  Probe  
  21  1:54  Pylon  
  21  2:06  Probe  
  22  2:18  Probe  
  23  2:25  Adept  
  25  2:30  Probe  
  26  2:42  Probe  
  27  2:50  Probe  
  28  2:54  Probe  
  28  2:56  Pylon  
  29  3:02  Probe  
  29  3:04  Gateway  
  29  3:05  Gateway  
  30  3:07  Probe  
  30  3:10  Assimilator  
  31  3:14  Adept, Probe  
  31  3:19  Probe  
  35  3:26  Probe  
  36  3:31  Probe  
  37  3:39  Probe  
  38  3:43  Probe  
  38  3:46  Robotics Facility  
  39  3:48  Twilight Council  
  39  3:51  Probe  
  39  3:55  Probe  
  41  4:03  Probe  
  41  4:07  Probe  
  43  4:14  Adept  
  43  4:15  Adept x2  
  49  4:22  Pylon  
  49  4:27  Observer  
  49  4:28  Gateway  
  49  4:30  Probe x2, Gateway  
  51  4:31  Gateway  
  51  4:33  Gateway  
  52  4:42  Probe x2  
  52  4:45  Assimilator  
  54  4:47  Assimilator  
  54  4:48  Adept x2  
  58  4:57  Probe x2  
  60  5:03  Adept  
  62  5:10  Pylon  
  62  5:12  Pylon  
  62  5:14  Pylon  
  62  5:35  Adept x3  
  64  5:37  Adept x3  
  64  5:38  Adept  
  76  5:46  Nexus  
Show
View Real Time Build Order
Export as new Build Order

A.I. 1 (Very Easy) Terran - Winner!

Build Orders:  

Get SALT Encoding   

  12  0:00  SCV  
  13  0:13  SCV  
  14  0:19  Supply Depot  
  14  0:37  Refinery  
  14  0:42  Barracks  
  14  1:03  Supply Depot  
  14  1:11  Refinery  
  14  1:29  Orbital Command  
  14  1:30  Barracks Tech Lab  
  14  1:48  Marine  
  15  1:55  SCV  
  16  2:07  SCV  
  17  2:19  SCV  
  18  2:31  SCV  
  18  2:32  Marine  
  20  2:43  SCV  
  21  2:55  SCV  
  22  3:17  Marauder  
  24  4:47  SCV  
Tags
 
Add a new tag
Caveats
  • Supply blocks, unpowered buildings, or Contaminate may cause inaccurate times.
  • Supply counts are checked every 10 seconds.